[Event "Titled Tuesday Blitz November 22 Late 2022"]
[White "Rodriguez Santiago, Jaime"]
[Black "Reprintsev, Alexander"]
[WhiteFideId "3100898"]
[BlackFideId "14100541"]
[WhiteElo "2025"]
[BlackElo "2230"]
[Result "0-1"]
[Round "06"]
[TimeControl "180+1"]
[Date "2022.11.23"]
[WhiteClock "0:00:43"]
[BlackClock "0:01:40"]

1. c4 e5 2. Nc3 Nc6 3. g3 Bc5 4. Bg2 Nf6 5. Nf3 d6 6. e3 Qe7 7. O-O e4 8. Ng5 Bf5 9. f3 exf3 10. Rxf3 Bd3 11. b3 h6 12. Nh3 g5 13. Nf2 Bg6 14. Bb2 Ne5 15. Rxf6 Qxf6 16. d4 O-O-O 17. Nd5 Qe6 18. dxe5 dxe5 19. Qf3 c6 20. Nc3 f5 21. e4 Rhf8 22. exf5 Rxf5 23. Bh3 Rxf3 0-1


[Site "https://www.chess.com"]

[Event "Titled Tuesday Blitz November 22 Late 2022"]
[White "Roque Sola, Gisela"]
[Black "Besedes, Danilo"]
[WhiteFideId "5120241"]
[BlackFideId "946796"]
[WhiteElo "1961"]
[BlackElo "2352"]
[Result "0-1"]
[Round "06"]
[TimeControl "180+1"]
[Date "2022.11.23"]
[WhiteClock "0:00:03"]
[BlackClock "0:00:11"]

1. e4 d6 2. d4 e5 3. Be3 exd4 4. Bxd4 Nf6 5. Nd2 Nc6 6. Bc3 g6 7. Bc4 Bg7 8. Ngf3 O-O 9. O-O Re8 10. Re1 Bg4 11. h3 Bd7 12. Ng5 Re7 13. Qf3 h6 14. Bxf6 hxg5 15. Bxe7 Qxe7 16. Bd3 Bxb2 17. Rab1 Bc3 18. Red1 b6 19. e5 Bxe5 20. Bb5 Qe8 21. Nc4 a6 22. Bxc6 Bxc6 23. Qd3 Bg7 24. Ne3 Qe4 25. Qxe4 Bxe4 26. Rb4 Bb7 27. c4 Re8 28. Rb3 Re4 29. f3 Re8 30. Kf2 a5 31. Nd5 Bxd5 32. cxd5 Re7 33. Re3 Kf8 34. Rxe7 Kxe7 35. Ke3 Kd7 36. g4 Be5 37. Ke4 b5 38. Rb1 b4 39. Rc1 Bc3 40. Kd3 c6 41. Kc4 Kc7 42. a3 Kb6 43. dxc6 Kxc6 44. axb4 axb4 45. Re1 d5+ 46. Kb3 Kd6 47. Re8 d4 48. Kc4 Kd7 49. Ra8 Ke6 50. Ra6+ Ke5 51. Ra7 f6 52. Rf7 Ke6 53. Rg7 Ke5 54. Rxg6 Ke6 55. Rg8 Ke5 56. Rf8 Ke6 57. Kd3 b3 58. Rb8 b2 59. Ke4 Kd6 60. Kf5 d3 0-1


[Site "https://www.chess.com"]

[Event "Titled Tuesday Blitz November 22 Late 2022"]
[White "Roque Sola, Jose Luis"]
[Black "Torres Boch, Jose Francisco"]
[WhiteFideId "5120390"]
[BlackFideId "2278383"]
[WhiteElo "2117"]
[BlackElo "2073"]
[Result "0-1"]
[Round "06"]
[TimeControl "180+1"]
[Date "2022.11.23"]
[WhiteClock "0:00:09"]
[BlackClock "0:01:00"]

1. c4 Nf6 2. Nc3 c5 3. Nf3 Nc6 4. g3 g6 5. Bg2 Bg7 6. O-O O-O 7. a3 d5 8. cxd5 Nxd5 9. Nxd5 Qxd5 10. d3 Nd4 11. Nxd4 Qxd4 12. Rb1 Rb8 13. Be3 Qd6 14. Qc1 b6 15. Bh6 Bb7 16. Bxb7 Rxb7 17. Bxg7 Kxg7 18. b4 Rc7 19. Qc3+ Qf6 20. Qxf6+ Kxf6 21. Rfc1 Rfc8 22. b5 c4 23. dxc4 Rxc4 24. Rxc4 Rxc4 25. Rb3 e5 26. Kg2 Ke6 27. Kf3 f5 28. Kg2 e4 29. f3 Kd5 30. fxe4+ fxe4 31. Kf2 Kd4 32. h4 h5 33. g4 hxg4 34. Kg3 Rc3+ 35. Rxc3 Kxc3 36. Kxg4 Kd2 37. Kg5 Kxe2 38. Kxg6 Kd3 39. h5 e3 40. h6 e2 41. h7 e1=Q 42. h8=Q Qe4+ 43. Kf7 Qd5+ 44. Ke7 Qc5+ 45. Ke6 Kc4 46. a4 Qd5+ 47. Ke7 Qe4+ 48. Kd7 Kb4 49. Qb8 Kxa4 50. Qxa7+ Kxb5 51. Qa2 Qc6+ 52. Ke7 Qc5+ 53. Kd7 Qd4+ 54. Kc7 Qc5+ 55. Kd7 Qc6+ 56. Ke7 Qc4 57. Qb2+ Qb4+ 0-1


[Site "https://www.chess.com"]

[Event "Titled Tuesday Blitz November 22 Late 2022"]
[White "Rose, Felix"]
[Black "Arbunic Castro, Giovanna"]
[WhiteFideId "5105722"]
[BlackFideId "3400549"]
[WhiteElo "2039"]
[BlackElo "1986"]
[Result "1-0"]
[Round "06"]
[TimeControl "180+1"]
[Date "2022.11.23"]
[WhiteClock "0:00:04"]
[BlackClock "0:00:05"]

1. d4 Nf6 2. Nc3 g6 3. e4 d6 4. Nf3 Bg7 5. h3 O-O 6. Be3 Nbd7 7. e5 Ne8 8. Qd2 c5 9. e6 fxe6 10. dxc5 d5 11. O-O-O Qa5 12. Kb1 Nxc5 13. Nxd5 Qxd2 14. Nxe7+ Kf7 15. Rxd2 Ne4 16. Ng5+ Nxg5 17. Bxg5 Nf6 18. Nxc8 Raxc8 19. Bd3 Nd5 20. a3 h6 21. Bh4 Nf4 22. Be4 Rc7 23. Bg3 e5 24. Rhd1 Ke8 25. Bxf4 Rxf4 26. Bxg6+ Ke7 27. g3 Rd4 28. Rd3 Rdc4 29. Re1 Rxc2 30. Rb3 Rxf2 31. Be4 b6 32. a4 Rh2 33. h4 Rc4 34. Bd5 Rd4 35. Bf3 Rdd2 36. Rc1 e4 37. Rc7+ Kf8 38. Bh5 Rxb2+ 39. Rxb2 Rxb2+ 40. Kc1 Be5 41. Rxa7 Ra2 42. g4 e3 43. g5 e2 44. Bxe2 Rxe2 45. gxh6 Rh2 46. a5 Rxh4 47. axb6 Rb4 48. b7 Kg8 49. h7+ Kh8 50. Kc2 Bd6 51. Kd3 Rb6 52. Kc4 Bb8 53. Ra8 Rxb7 54. Kd5 Kxh7 55. Kc6 Rb1 56. Ra6 1-0


[Site "https://www.chess.com"]

[Event "Titled Tuesday Blitz November 22 Late 2022"]
[White "Rosen, Eric"]
[Black "Walentukiewicz, Michal"]
[WhiteFideId "2032562"]
[BlackFideId "1126903"]
[WhiteElo "2362"]
[BlackElo "2026"]
[Result "1-0"]
[Round "06"]
[TimeControl "180+1"]
[Date "2022.11.23"]
[WhiteClock "0:00:03"]
[BlackClock "0:00:36"]

1. d4 g6 2. e4 Bg7 3. Nf3 c5 4. dxc5 Qa5+ 5. c3 Qxc5 6. Na3 Nf6 7. e5 Ng4 8. Qe2 Nxe5 9. Be3 Nxf3+ 10. Qxf3 Qa5 11. Nc4 Qc7 12. h4 Nc6 13. h5 O-O 14. hxg6 hxg6 15. Qh3 f5 16. Qh7+ Kf7 17. Rh6 Ne5 18. Nxe5+ Qxe5 19. Qxg6+ Kg8 20. Qh7+ Kf7 21. Qg6+ Kg8 22. Rh5 Rf6 23. Qe8+ Rf8 24. Qg6 Rf6 25. Qh7+ Kf7 26. O-O-O e6 27. Bd4 Qf4+ 28. Kb1 Rg6 29. Rh4 Qg5 30. Be2 Kf8 31. Rh5 Qxg2 32. Bxg7+ Rxg7 33. Qh8+ Ke7 34. Rh7 Rxh7 35. Qxh7+ Kd8 36. Bb5 Qe4+ 37. Ka1 d5 38. Rg1 1-0


[Site "https://www.chess.com"]

[Event "Titled Tuesday Blitz November 22 Late 2022"]
[White "Rustemov, Alexander"]
[Black "Martinez Alcantara, Jose Eduardo"]
[WhiteFideId "4119002"]
[BlackFideId "3805662"]
[WhiteElo "2886"]
[BlackElo "2705"]
[Result "0-1"]
[Round "06"]
[TimeControl "180+1"]
[Date "2022.11.22"]
[WhiteClock "0:00:14"]
[BlackClock "0:00:38"]

1. d4 Nf6 2. c4 e6 3. Nf3 Bb4+ 4. Bd2 c5 5. Bxb4 cxb4 6. g3 b6 7. Bg2 Bb7 8. O-O a5 9. Qd3 O-O 10. Nbd2 d6 11. a3 Na6 12. e4 Qc7 13. Ne1 e5 14. Nc2 bxa3 15. bxa3 Nb8 16. Rab1 Nbd7 17. Ne3 Rfe8 18. f3 Ba6 19. Rb2 Rac8 20. Rfb1 g6 21. Bh3 Rcd8 22. Kg2 Bb7 23. Bxd7 Nxd7 24. Nd5 Bxd5 25. cxd5 Rc8 26. dxe5 Nxe5 27. Qd4 Nd7 28. Nf1 Qc3 29. Qxc3 Rxc3 30. Rb3 Rec8 31. Nd2 Rxb3 32. Nxb3 Rc2+ 33. Kh3 Rc4 34. Nd2 Rc3 35. a4 Kf8 36. Rb2 Ke7 37. Kg2 Kd8 38. Kf2 Kc7 39. Ra2 Nc5 40. Ke2 Kb7 41. f4 f6 42. Kf2 Rd3 43. Ke2 Rd4 44. Ke3 Rb4 45. e5 fxe5 46. fxe5 dxe5 47. Nf3 Kc7 48. Nxe5 Re4+ 0-1


[Site "https://www.chess.com"]

[Event "Titled Tuesday Blitz November 22 Late 2022"]
[White "Sabar, Ethmane Daouda"]
[Black "Romero Ruscalleda, Josep"]
[WhiteFideId "19600097"]
[BlackFideId "2231859"]
[WhiteElo "1950"]
[BlackElo "2183"]
[Result "1-0"]
[Round "06"]
[TimeControl "180+1"]
[Date "2022.11.23"]
[WhiteClock "0:00:13"]
[BlackClock "0:00:03"]

1. b3 e5 2. Bb2 d6 3. e3 Be6 4. d4 Nd7 5. dxe5 Nxe5 6. Nf3 Nc6 7. Bb5 Nf6 8. O-O Be7 9. h3 O-O 10. Nbd2 a6 11. Be2 b5 12. c4 bxc4 13. Nxc4 Rb8 14. Rc1 Nb4 15. a3 Nbd5 16. Ng5 Qd7 17. Nxe6 fxe6 18. Bf3 c5 19. e4 Nb6 20. e5 Nxc4 21. Rxc4 dxe5 22. Bxe5 Qxd1 23. Bxd1 Rb7 24. Bc2 Nd7 25. Re1 Bf6 26. Bd6 Re8 27. Bxc5 Nxc5 28. Rxc5 Bd4 29. Rc4 Rd7 30. b4 Rf8 31. Re2 e5 32. Rc6 a5 33. Bb3+ Kh8 34. bxa5 Ra7 35. a6 Rfa8 36. Bc4 Rb8 37. a4 g6 38. Bb5 Rf7 39. g3 Rbf8 40. Rcc2 Rf3 41. Kg2 Ra3 42. h4 Rf7 43. Rc8+ Kg7 44. Bc4 Ra7 45. Rg8+ Kh6 46. Bb5 Rc7 47. g4 Rcc3 48. Rd2 Rcb3 49. Rh8 Rb2 50. g5+ Kh5 51. Be2+ Kxh4 52. Rxh7+ Kxg5 53. Rxb2 Bxb2 54. Bb5 Bd4 55. a7 Bxa7 56. Rxa7 e4 57. Re7 Kf4 58. Bc6 e3 59. Rxe3 Kg4 60. Rxa3 1-0


[Site "https://www.chess.com"]

[Event "Titled Tuesday Blitz November 22 Late 2022"]
[White "Salman, Pavel"]
[Black "Rubio Tent, Francisco"]
[WhiteFideId "24153753"]
[BlackFideId "2238233"]
[WhiteElo "2187"]
[BlackElo "2211"]
[Result "1-0"]
[Round "06"]
[TimeControl "180+1"]
[Date "2022.11.23"]
[WhiteClock "0:00:14"]
[BlackClock "0:00:02"]

1. Nf3 d5 2. g3 Nf6 3. Bg2 Bg4 4. d3 Nbd7 5. O-O c6 6. h3 Bh5 7. Qe1 e6 8. e4 Bxf3 9. Bxf3 Bd6 10. Nc3 O-O 11. Bg2 b5 12. a3 a5 13. f4 b4 14. axb4 axb4 15. Rxa8 Qxa8 16. Ne2 Bc5+ 17. Kh1 Qa7 18. e5 Ne8 19. g4 f5 20. gxf5 Rxf5 21. Ng3 Rf8 22. Nh5 g6 23. Ng3 Ng7 24. Qe2 Nf5 25. Qg4 Kh8 26. c3 bxc3 27. bxc3 Be3 28. Nxf5 gxf5 29. Qh4 Bxc1 30. Rxc1 Rg8 31. d4 Qa2 32. Rg1 Qa3 33. Qh6 Qe7 34. Ra1 Nf8 35. Bf3 Rg6 36. Qh5 Qg7 37. Qh4 Kg8 38. Qf2 Qh6 39. Kh2 Qg7 40. Ra8 h6 41. Bh5 Kh7 42. Bxg6+ Nxg6 43. Qg3 Qb7 44. Ra2 Qc7 45. Rg2 Qb7 46. Qxg6+ 1-0


[Site "https://www.chess.com"]

[Event "Titled Tuesday Blitz November 22 Late 2022"]
[White "Sanchez, Robert"]
[Black "Thomas, Anysia"]
[WhiteFideId "2034360"]
[BlackFideId "670472"]
[WhiteElo "2312"]
[BlackElo "2069"]
[Result "1-0"]
[Round "06"]
[TimeControl "180+1"]
[Date "2022.11.23"]
[WhiteClock "0:00:52"]
[BlackClock "0:00:06"]

1. e4 c5 2. Nf3 Nc6 3. d4 cxd4 4. Nxd4 g6 5. Nc3 Bg7 6. Be3 Nf6 7. Bc4 O-O 8. Bb3 d6 9. f3 Qa5 10. Qd2 Bd7 11. O-O-O Rfc8 12. h4 h5 13. Kb1 Ne5 14. Bh6 Bh8 15. g4 Nc4 16. Qe1 b5 17. gxh5 Nxh5 18. Nd5 Qxe1 19. Rhxe1 Kh7 20. Bg5 e6 21. Nc3 Rab8 22. Bxc4 Rxc4 23. Nb3 b4 24. Ne2 Rbc8 25. Rxd6 Bb5 26. Ned4 Ba4 27. e5 Bg7 28. f4 Ng3 29. Ra6 Bxb3 30. Nxb3 Rxc2 31. Rc1 Rxc1+ 32. Nxc1 Ne4 33. Nb3 1-0


[Site "https://www.chess.com"]

[Event "Titled Tuesday Blitz November 22 Late 2022"]
[White "Santos Flores, Alberto"]
[Black "Suder, Jakub"]
[WhiteFideId "3601234"]
[BlackFideId "1195310"]
[WhiteElo "2235"]
[BlackElo "2243"]
[Result "0-1"]
[Round "06"]
[TimeControl "180+1"]
[Date "2022.11.23"]
[WhiteClock "0:00:23"]
[BlackClock "0:01:30"]

1. d4 d5 2. Nf3 Nf6 3. c4 e6 4. Nc3 a6 5. c5 b6 6. cxb6 cxb6 7. Bf4 Bb7 8. e3 Nbd7 9. h3 Be7 10. Bd3 O-O 11. O-O Ne4 12. Rc1 Rc8 13. Qe2 b5 14. a4 b4 15. Nb1 a5 16. Nbd2 Qb6 17. Bb5 Bc6 18. Bxc6 Rxc6 19. Nxe4 dxe4 20. Nd2 Rfc8 21. Nc4 Qa6 22. b3 Nb6 23. Nxb6 Qxe2 24. Nxc8 Rxc1 25. Rxc1 Bf8 26. Nd6 g5 27. Be5 f6 28. g3 fxe5 29. dxe5 Qd2 30. Rc8 Qd1+ 31. Kg2 Qxb3 0-1


[Site "https://www.chess.com"]

[Event "Titled Tuesday Blitz November 22 Late 2022"]
[White "Sargsyan, Anna M."]
[Black "Kirillov, Dmitry"]
[WhiteFideId "13308130"]
[BlackFideId "34180572"]
[WhiteElo "2284"]
[BlackElo "2095"]
[Result "1-0"]
[Round "06"]
[TimeControl "180+1"]
[Date "2022.11.23"]
[WhiteClock "0:01:21"]
[BlackClock "0:00:02"]

1. d4 d5 2. c4 e6 3. Nf3 c6 4. Nc3 dxc4 5. Bg5 Qa5 6. Bd2 b5 7. e4 Qc7 8. a4 Qb6 9. axb5 cxb5 10. b3 b4 11. Na4 Qc6 12. bxc4 Qxe4+ 13. Be2 Nf6 14. O-O Be7 15. d5 Bb7 16. Re1 O-O 17. Ng5 Qg6 18. dxe6 fxe6 19. Bf3 Bxf3 20. Qxf3 Nd5 21. Qg3 Nc3 22. Nb6 axb6 23. Rxa8 Bf6 24. Rxb8 Bxg5 25. Rxf8+ Kxf8 1-0


[Site "https://www.chess.com"]

[Event "Titled Tuesday Blitz November 22 Late 2022"]
[White "Schut, Han"]
[Black "Sariego Figueredo, Wilfredo"]
[WhiteFideId "1005561"]
[BlackFideId "3500080"]
[WhiteElo "2024"]
[BlackElo "2309"]
[Result "1-0"]
[Round "06"]
[TimeControl "180+1"]
[Date "2022.11.23"]
[WhiteClock "0:00:15"]
[BlackClock "0:00:04"]

1. e4 c5 2. Nf3 a6 3. c4 Nc6 4. d4 cxd4 5. Nxd4 Nf6 6. Nc3 e5 7. Nc2 Bc5 8. Be2 d6 9. O-O O-O 10. Be3 Bxe3 11. Nxe3 Nd4 12. f3 Be6 13. Rc1 Nd7 14. b3 Nb8 15. Nc2 Nbc6 16. Nxd4 Nxd4 17. Bd3 f5 18. exf5 Bxf5 19. Kh1 Rf6 20. Ne2 Bxd3 21. Qxd3 Nf5 22. Kg1 Qb6+ 23. c5 dxc5 24. Qd5+ Kh8 25. Qxc5 Ne3 26. Qxb6 Rxb6 27. Rfe1 Rg6 28. Ng3 Nd5 29. Rxe5 Nb4 30. Rce1 Kg8 31. Re8+ Rxe8 32. Rxe8+ Kf7 33. Rc8 b5 34. a3 Nd5 35. Ne4 Nf4 36. g3 Nd3 37. Rc7+ Kf8 38. Nc5 Nxc5 39. Rxc5 Rd6 40. Kg2 h6 41. b4 Rd3 42. Rc8+ Kf7 43. Rc7+ Kg8 44. f4 Rxa3 45. Ra7 Ra4 46. Kh3 Rxb4 47. Rxa6 Rb2 48. Rb6 b4 49. Kg4 1-0


[Site "https://www.chess.com"]

[Event "Titled Tuesday Blitz November 22 Late 2022"]
[White "Sebag, Marie"]
[Black "Burke, Paul"]
[WhiteFideId "617822"]
[BlackFideId "2605767"]
[WhiteElo "2440"]
[BlackElo "1917"]
[Result "1-0"]
[Round "06"]
[TimeControl "180+1"]
[Date "2022.11.23"]
[WhiteClock "0:01:44"]
[BlackClock "0:00:10"]

1. c4 a6 2. Nc3 d6 3. g3 g6 4. Bg2 Bg7 5. d3 Nd7 6. Bd2 h6 7. Rb1 e6 8. Nf3 Ne7 9. Qc1 Rb8 10. O-O b5 11. cxb5 axb5 12. b4 Bb7 13. Nxb5 Bxf3 14. Nxc7+ Kf8 15. Bxf3 Rc8 16. Nxe6+ fxe6 17. Qa3 Kf7 18. Rfc1 Rxc1+ 19. Rxc1 Rf8 20. Qa7 Ne5 21. Bg2 Kg8 22. Rc7 Rf7 23. b5 Nf5 24. Rxf7 Nxf7 25. b6 Bd4 26. Ba5 d5 27. e3 Bc5 28. d4 Bd6 29. b7 Qb8 30. Bb6 Nd8 31. Qxb8 Bxb8 32. Bxd8 Nd6 33. a4 Nxb7 34. Bb6 Nd6 35. a5 Nc4 36. Bd8 Kf8 37. Bf1 Ke8 38. Bb6 Nxb6 39. axb6 Kd7 40. Bd3 g5 41. Kg2 Kc6 42. Kf3 Kxb6 43. Kg4 e5 44. dxe5 Bxe5 45. Kh5 Bg7 46. Kg6 Bf8 47. Kf7 Bd6 48. Kg7 h5 49. Kg6 h4 50. Kxg5 hxg3 51. hxg3 Kc5 52. Kf5 d4 53. e4 Kb4 54. e5 Bf8 55. Ke4 Kc3 56. f4 1-0


[Site "https://www.chess.com"]

[Event "Titled Tuesday Blitz November 22 Late 2022"]
[White "Souleidis, Georgios"]
[Black "Gritsenko, Nikolai"]
[WhiteFideId "4206827"]
[BlackFideId "14112493"]
[WhiteElo "2401"]
[BlackElo "2389"]
[Result "1-0"]
[Round "06"]
[TimeControl "180+1"]
[Date "2022.11.23"]
[WhiteClock "0:00:24"]
[BlackClock "0:00:02"]

1. e4 d5 2. exd5 Nf6 3. d4 Nxd5 4. c4 Nb6 5. Nf3 g6 6. c5 Nd5 7. Nc3 c6 8. Bc4 Bg7 9. Qb3 O-O 10. O-O Nxc3 11. bxc3 b5 12. cxb6 axb6 13. Ne5 Bxe5 14. dxe5 b5 15. Be2 Be6 16. Qc2 Nd7 17. f4 Qb6+ 18. Kh1 Bf5 19. Bd3 Bxd3 20. Qxd3 Rfd8 21. Be3 Qc7 22. Qe4 e6 23. a4 bxa4 24. Rxa4 Nb6 25. Rxa8 Rxa8 26. Bc5 Na4 27. Bd6 Qb7 28. c4 Nc3 29. Qf3 Qb3 30. h4 Qxc4 31. Rc1 Qd5 32. Rxc3 Ra1+ 33. Kh2 Qd4 34. Qe3 Qd1 35. Rxc6 h5 36. Be7 Kh7 37. Bf6 Qh1+ 38. Kg3 Ra2 39. Qf3 Qe1+ 40. Kh2 1-0


[Site "https://www.chess.com"]

[Event "Titled Tuesday Blitz November 22 Late 2022"]
[White "Sreyas Payyappat"]
[Black "Desideri, Ricardo Maruchi"]
[WhiteFideId "46674969"]
[BlackFideId "2110440"]
[WhiteElo "2083"]
[BlackElo "1945"]
[Result "1-0"]
[Round "06"]
[TimeControl "180+1"]
[Date "2022.11.23"]
[WhiteClock "0:01:06"]
[BlackClock "0:00:12"]

1. e4 c5 2. Nf3 d6 3. d4 cxd4 4. Nxd4 Nf6 5. Nc3 a6 6. f4 Qc7 7. Be2 b5 8. Bf3 Bb7 9. O-O e6 10. Be3 Nbd7 11. Re1 Be7 12. Bf2 O-O 13. a3 Rac8 14. g4 Nb6 15. g5 Nfd7 16. f5 e5 17. f6 Bxf6 18. gxf6 exd4 19. fxg7 Rfe8 20. Bxd4 Ne5 21. Bg2 Nbd7 22. Rf1 Re6 23. Nd5 Bxd5 24. exd5 Rg6 25. Kh1 Qxc2 26. Rf2 Qxd1+ 27. Rxd1 Kxg7 28. Rdf1 f6 29. Bh3 Rc4 30. Bc3 Rh4 31. Bf5 Ng4 32. Bxd7 Nxf2+ 33. Rxf2 Rh3 34. Bxh3 1-0


[Site "https://www.chess.com"]

[Event "Titled Tuesday Blitz November 22 Late 2022"]
[White "Steinberg, Nitzan"]
[Black "Lewtak, Damian"]
[WhiteFideId "2801795"]
[BlackFideId "1141724"]
[WhiteElo "2491"]
[BlackElo "2329"]
[Result "1/2-1/2"]
[Round "06"]
[TimeControl "180+1"]
[Date "2022.11.22"]
[WhiteClock "0:00:07"]
[BlackClock "0:00:06"]

1. Nf3 d5 2. g3 Nf6 3. Bg2 c6 4. O-O Bf5 5. d3 e6 6. b3 h6 7. Bb2 Be7 8. c4 O-O 9. Nbd2 Nbd7 10. Qc2 Rc8 11. e4 Bh7 12. Rfe1 dxe4 13. dxe4 Nc5 14. Bd4 Re8 15. Rad1 e5 16. Bc3 Qb6 17. Nxe5 Rcd8 18. b4 Ne6 19. c5 Qc7 20. Qb3 Bf8 21. f4 a5 22. a3 axb4 23. axb4 Nd4 24. Qb2 Nb5 25. Re2 b6 26. Kh1 bxc5 27. bxc5 Bxc5 28. Rde1 Nxc3 29. Qxc3 Bd4 30. Qc4 Bxe5 31. fxe5 Ng4 32. Nf3 Nxe5 33. Nxe5 Rxe5 34. Rf1 Bg6 35. Rc2 Rd6 36. Ra2 Qe7 37. Qb4 Rd8 38. Qxe7 Rxe7 39. Rc2 Bxe4 40. Bxe4 Rxe4 41. Rxc6 Re2 42. Rc4 Rdd2 43. Rh4 f6 44. g4 Kh7 45. Rh5 g6 46. Rh3 Kg7 47. Rh4 g5 48. Rh3 Kg6 49. Rb1 Rg2 50. Rg1 Rgf2 51. Re1 Ra2 52. Rg1 Rfd2 53. Re1 Rd4 54. Rg1 Raa4 55. Rhg3 h5 56. gxh5+ Kxh5 57. Rf1 Kg6 58. Rgf3 Rd6 59. Kg2 Rh4 60. h3 Rb4 61. R1f2 Rbd4 62. Re2 Rd2 63. Rff2 Rxe2 64. Rxe2 f5 65. Rb2 f4 66. Rb5 Rd3 67. Rb8 Rd2+ 68. Kf3 Rh2 69. Rg8+ Kh6 70. Rh8+ Kg7 71. Rh5 Kg6 72. Rh8 Ra2 73. Rg8+ Kf6 74. Rf8+ Kg7 75. Rf5 Kg6 76. Rf8 Ra3+ 77. Kg2 Rg3+ 78. Kh2 Rd3 79. Kg2 Kg7 80. Rf5 Kg6 81. Rf8 Rc3 82. Rg8+ Kf6 83. Rf8+ Ke5 84. Re8+ Kf5 85. Rf8+ Ke6 86. Rg8 Kf6 87. Rf8+ Kg7 88. Rf5 Kg6 89. Rf8 Rb3 90. Rg8+ Kf6 91. Rf8+ Kg7 92. Rf5 Kg6 93. Rf8 Rb7 94. Rg8+ Kf6 95. Rf8+ Rf7 96. Rb8 Kg6 97. Kf3 Re7 98. Kg4 Rf7 99. Rb5 f3 100. Rb1 Rf4+ 101. Kg3 Kh5 102. Rf1 f2 103. Rxf2 Rxf2 104. Kxf2 Kh4 105. Kg2 g4 106. hxg4 Kxg4 1/2-1/2


[Site "https://www.chess.com"]

[Event "Titled Tuesday Blitz November 22 Late 2022"]
[White "Storey, Charles H"]
[Black "Oro, Faustino"]
[WhiteFideId "406686"]
[BlackFideId "20000197"]
[WhiteElo "2252"]
[BlackElo "2066"]
[Result "0-1"]
[Round "06"]
[TimeControl "180+1"]
[Date "2022.11.23"]
[WhiteClock "0:00:25"]
[BlackClock "0:00:37"]

1. c4 Nf6 2. g3 c6 3. Bg2 d5 4. Nf3 Bf5 5. d3 e6 6. Qb3 Qb6 7. Qc2 Be7 8. Be3 Qc7 9. Bf4 Qc8 10. Nh4 Bg6 11. O-O Nbd7 12. Nc3 O-O 13. Nxg6 hxg6 14. e4 dxc4 15. dxc4 e5 16. Bg5 Nc5 17. Rad1 Ne6 18. Bh3 Bc5 19. Rd2 Re8 20. Rfd1 Bd4 21. Bxf6 gxf6 22. Ne2 c5 23. Nc3 Qc6 24. Nd5 Kg7 25. a3 a5 26. b4 axb4 27. axb4 b6 28. b5 Qb7 29. Qb3 Ra5 30. Ra2 Rea8 31. Rdd2 Qa7 32. Rxa5 Qxa5 33. Bxe6 Qxd2 0-1


[Site "https://www.chess.com"]

[Event "Titled Tuesday Blitz November 22 Late 2022"]
[White "Sztokbant, Bernardo Vainzoff"]
[Black "Gascon Del Nogal, Jose Rafael"]
[WhiteFideId "2115956"]
[BlackFideId "3902463"]
[WhiteElo "2228"]
[BlackElo "2473"]
[Result "0-1"]
[Round "06"]
[TimeControl "180+1"]
[Date "2022.11.23"]
[WhiteClock "0:00:01"]
[BlackClock "0:00:03"]

1. e4 c5 2. Nc3 Nc6 3. g3 g6 4. Bg2 Bg7 5. f4 d6 6. Nf3 Nh6 7. O-O O-O 8. d3 f5 9. Ng5 Nf7 10. Nxf7 Rxf7 11. Be3 Nd4 12. Qd2 e6 13. Rae1 Rb8 14. Nd1 Bd7 15. c3 Nc6 16. Nf2 b5 17. Nh3 h6 18. exf5 gxf5 19. d4 cxd4 20. cxd4 Ne7 21. d5 Nxd5 22. Bxd5 exd5 23. Qxd5 Bc8 24. Rd1 Bb7 25. Qxd6 Qe8 26. Nf2 Rc8 27. Rfe1 Re7 28. Bd2 Re2 29. Kf1 Bf3 30. Qd3 Rxe1+ 31. Rxe1 Qh5 32. Re7 Bc6 33. h3 Qg6 34. g4 Qf6 35. Rxg7+ Qxg7 36. Bc3 Qf7 37. Qd6 Bb7 38. Qxh6 Qh7 39. Qg5+ Kf8 40. Bb4+ Ke8 41. Qxf5 Qf7 42. Qe5+ Kd8 0-1


[Site "https://www.chess.com"]

[Event "Titled Tuesday Blitz November 22 Late 2022"]
[White "Tari, Aryan"]
[Black "Bobkov, Vadim"]
[WhiteFideId "1510045"]
[BlackFideId "34110876"]
[WhiteElo "2612"]
[BlackElo "2172"]
[Result "0-1"]
[Round "06"]
[TimeControl "180+1"]
[Date "2022.11.22"]
[WhiteClock "0:00:01"]
[BlackClock "0:00:14"]

1. Nf3 d5 2. e3 Nf6 3. c4 e6 4. Nc3 b6 5. b3 Bb7 6. Bb2 Nbd7 7. Rc1 c5 8. cxd5 Nxd5 9. Be2 Be7 10. Nxd5 Bxd5 11. O-O O-O 12. d3 Rc8 13. Qd2 Qc7 14. b4 Qb7 15. a3 Rc7 16. b5 Qa8 17. e4 Bb7 18. Qf4 Rfc8 19. Ng5 Bf6 20. Rc2 h6 21. Nxf7 Kxf7 22. e5 Bxg2 23. exf6 Nxf6 24. Re1 Qd5 25. Be5 Rd7 26. Bh5+ Ke7 27. Bg4 Rf8 28. Bb2 Nxg4 29. Qxg4 Bf3 30. Qxg7+ Ke8 31. Qg6+ Kd8 32. Rxe6 Qxd3 33. Qxd3 Rxd3 34. h4 Rd1+ 35. Kh2 Rg8 36. Rc1 Rd2 37. Bf6+ Kd7 38. Re7+ Kd6 39. Rf1 Rg2+ 40. Kh3 Rg6 41. Bc3 Rd3 42. h5 Bxh5+ 43. Kh4 Kxe7 44. Kxh5 Rg2 45. Rd1 Rh3# 0-1


[Site "https://www.chess.com"]

[Event "Titled Tuesday Blitz November 22 Late 2022"]
[White "Tarnowska, Aleksandra"]
[Black "Kaplan, Avi Harrison"]
[WhiteFideId "1180967"]
[BlackFideId "30934559"]
[WhiteElo "1776"]
[BlackElo "1983"]
[Result "0-1"]
[Round "06"]
[TimeControl "180+1"]
[Date "2022.11.23"]
[WhiteClock "0:00:02"]
[BlackClock "0:00:08"]

1. e4 c5 2. Nf3 d6 3. Bb5+ Nd7 4. O-O a6 5. Bxd7+ Bxd7 6. d4 cxd4 7. Nxd4 Nf6 8. Nc3 e5 9. Nde2 Be7 10. Ng3 O-O 11. Be3 Rc8 12. Qd2 Ng4 13. Rad1 b5 14. h3 Nxe3 15. fxe3 Be6 16. Nf5 Bxf5 17. exf5 Bg5 18. Qd3 Qb6 19. Nd5 Qc5 20. c3 e4 21. Qxe4 Rfe8 22. Qg4 Bxe3+ 23. Kh1 Kh8 24. f6 g6 25. Qd7 Qa7 26. Qxd6 Rcd8 27. Qg3 Bh6 28. Qh4 Bf8 29. Rfe1 Rxe1+ 30. Qxe1 Qc5 31. Nb4 Rc8 32. Nd3 Qb6 33. Qf1 Rc6 34. Ne5 Rxf6 35. Qe2 Qe6 36. Qe4 Kg7 37. Re1 Bd6 38. Qd4 Qf5 39. Nf3 Bc5 40. Qd3 Qxd3 41. Rg1 Rxf3 42. gxf3 Qxf3+ 43. Rg2 Qxh3+ 44. Rh2 Qf1# 0-1


[Site "https://www.chess.com"]

[Event "Titled Tuesday Blitz November 22 Late 2022"]
[White "Terry, Renato"]
[Black "Bluebaum, Matthias"]
[WhiteFideId "3803457"]
[BlackFideId "24651516"]
[WhiteElo "2577"]
[BlackElo "2633"]
[Result "1-0"]
[Round "06"]
[TimeControl "180+1"]
[Date "2022.11.22"]
[WhiteClock "0:00:05"]
[BlackClock "0:00:05"]

1. Nf3 d5 2. e3 Nf6 3. b3 c5 4. Bb2 g6 5. Bb5+ Nbd7 6. Bxf6 exf6 7. O-O a6 8. Be2 Bg7 9. d4 O-O 10. c3 f5 11. Qd2 b6 12. Rd1 Bb7 13. Na3 Qe7 14. Nc2 Rfd8 15. Qe1 Nf6 16. Rac1 Ne4 17. Bd3 a5 18. a4 Rac8 19. c4 dxc4 20. Bxc4 cxd4 21. Ncxd4 Bf6 22. Qe2 Kg7 23. h3 Rc5 24. Rd3 Nd6 25. Rcd1 Nxc4 26. bxc4 Rcc8 27. Rb3 Qc5 28. Rc1 Ba6 29. Qb2 Rd6 30. Qb1 f4 31. Nb5 Re6 32. exf4 Re2 33. Rf1 Bb7 34. Qd3 Re6 35. Ng5 Re7 36. Nd6 Rd7 37. Nxb7 Rxb7 38. Qd5 Rcc7 39. Qxc5 Rxc5 40. Ne4 Rxc4 41. Nd6 Rbc7 42. Ne8+ Kf8 43. Nxf6 Rxa4 44. Rxb6 Rc5 45. Nd7+ Kg7 46. Nxc5 1-0


[Site "https://www.chess.com"]

[Event "Titled Tuesday Blitz November 22 Late 2022"]
[White "Todev, Simeon"]
[Black "Cortes Orihuela, Javier"]
[WhiteFideId "2925133"]
[BlackFideId "3414329"]
[WhiteElo "1938"]
[BlackElo "2080"]
[Result "1-0"]
[Round "06"]
[TimeControl "180+1"]
[Date "2022.11.23"]
[WhiteClock "0:00:08"]
[BlackClock "0:00:07"]

1. d4 d5 2. c4 dxc4 3. e3 e5 4. Bxc4 exd4 5. exd4 Bd6 6. Nf3 Nf6 7. O-O O-O 8. Nc3 Nc6 9. h3 h6 10. Be3 Bd7 11. Qd2 Bf5 12. Bxh6 gxh6 13. Qxh6 Nh7 14. Nh4 Bc2 15. Rac1 Na5 16. Rxc2 Nxc4 17. Ne4 f5 18. Qe6+ Kh8 19. Ng6+ Kg7 20. Nxf8 Qxf8 21. Nxd6 Nxd6 22. Rxc7+ Nf7 23. Re1 Ng5 24. Qxf5 Kg8 25. Ree7 Re8 26. Qg6+ Kh8 27. Rxf7 Nxf7 28. Rxf7 Re1+ 29. Kh2 Qb8+ 30. g3 1-0


[Site "https://www.chess.com"]